 Dungeon Crawl Stone Soup version 0.24-a0-29-g43a6aff (webtiles) character file.

Game seed: 17830673805671423691

14037 Mgcat the Thrower (level 12, -8/126 HPs)
             Began as an Ogre Hunter on Feb 1, 2019.
             Was a High Priest of Okawaru.
             Mangled by a red ugly thing (16 damage)
             ... on level 11 of the Dungeon on Feb 2, 2019.
             The game lasted 00:30:38 (13705 turns).

Mgcat the Thrower (Ogre Hunter)                    Turns: 13705, Time: 00:30:38

Health: -8/126     AC:  7    Str: 19    XL:     12   Next: 12%
Magic:  17/17      EV: 10    Int: 16    God:    Okawaru [*****.]
Gold:   559        SH:  9    Dex: 13    Spells: 11/11 levels left

rFire    . . .     SeeInvis +   C - +9 rapier "Qoinudyo" {speed, Int+4}
rCold    + . .     Gourm    .   M - +0 shield
rNeg     + . .     Faith    .   l - +2 robe {rC+}
rPois    .         Spirit   .   (helmet restricted)
rElec    .         Reflect  .   A - +1 cloak
rCorr    .         Harm     .   (gloves unavailable)
MR       +....                  (boots unavailable)
Stlth    +.........             o - amulet of the acrobat
HPRegen  0.31/turn              g - ring of positive energy {rN+}
MPRegen  0.15/turn              m - ring of see invisible {sInv, !d}

@: no status effects
A: large, unfitting armour, tough skin 1
a: Heroism, Finesse, Renounce Religion


You were on level 11 of the Dungeon.
You worshipped Okawaru.
Okawaru was extremely pleased with you.
You were not hungry.

You visited 1 branch of the dungeon, and saw 11 of its levels.

You collected 708 gold pieces.
You spent 149 gold pieces at shops.

Inventory:

Hand Weapons
 t - a +0 war axe of freezing
   (You took it off an orc on level 9 of the Dungeon)
 y - a +0 broad axe
   (You took it off an orc wizard on level 6 of the Dungeon)
 C - the +9 rapier "Qoinudyo" (weapon) {speed, Int+4}
   (You found it on level 5 of the Dungeon)

   Attacks with this weapon are significantly faster.
   It affects your intelligence (+4).
Missiles
 c - 15 large rocks (quivered) {!d}
 d - 4 throwing nets {=f, !d}
 j - 317 stones
 w - 27 tomahawks
 O - 6 javelins of returning
Armour
 l - a +2 robe of cold resistance (worn)
   (You found it on level 1 of the Dungeon)
 A - a +1 cloak (worn)
   (You took it off Crazy Yiuf on level 3 of the Dungeon)
 M - a +0 shield (worn)
   (You found it on level 9 of the Dungeon)
Jewellery
 e - an uncursed ring of resist corrosion
   (You found it on level 1 of the Dungeon)
 g - a ring of positive energy (left hand) {rN+}
   (You found it on level 9 of the Dungeon)
 m - a ring of see invisible (right hand) {sInv, !d}
   (You found it on level 1 of the Dungeon)
 o - an amulet of the acrobat (around neck)
   (You found it on level 1 of the Dungeon)
 R - an uncursed ring of protection from fire {rF+, !d}
   (You found it on level 11 of the Dungeon)
Wands
 k - a wand of polymorph (18)
   (You took it off a hobgoblin on level 3 of the Dungeon)
 p - a wand of paralysis (36)
   (You found it on level 4 of the Dungeon)
 x - a wand of acid (11)
   (You found it on level 3 of the Dungeon)
 D - a wand of disintegration (27)
   (You found it on level 6 of the Dungeon)
 G - a wand of iceblast (6)
   (You found it on level 8 of the Dungeon)
 H - a wand of scattershot (2)
   (You found it on level 8 of the Dungeon)
 I - a wand of random effects (19)
   (You found it on level 8 of the Dungeon)
 P - a wand of flame (38)
   (You found it on level 10 of the Dungeon)
Scrolls
 h - 5 scrolls of teleportation
 q - 2 scrolls of remove curse
 B - 4 scrolls of enchant weapon
 L - 3 scrolls of identify
 N - a scroll of enchant armour
 Q - a scroll of summoning {unknown}
Potions
 a - a potion of haste
 i - 4 potions of curing
 n - a potion of invisibility
 r - 2 potions of flight
 s - a potion of cancellation
 u - 5 potions of brilliance
 v - 2 potions of mutation {!q}
 z - a potion of magic
 E - a potion of degeneration {unknown}
 F - 2 potions of ambrosia
 J - a potion of resistance {unknown}
 K - a potion of agility {unknown}
Comestibles
 b - 8 chunks of flesh {@w0}
 f - 19 rations


   Skills:
 - Level 10.2 Fighting
 + Level 9.0 Axes
 + Level 12.7 Throwing
 - Level 5.0 Dodging
 - Level 0.6 Stealth
 + Level 3.4 Shields
 + Level 6.7 Invocations


You had 11 spell levels left.
You didn't know any spells.
Your spell library contained the following spells:

 Spells                   Type           Power        Failure   Level  Hunger
 Apportation              Tloc           #.....       63%         1    ##.....
 Summon Butterflies       Summ           #.......     63%         1    ##.....
 Summon Small Mammal      Summ           #...         63%         1    ##.....
 Call Imp                 Summ           #.......     77%         2    ###....
 Call Canine Familiar     Summ           #.......     94%         3    ####...
 Lesser Beckoning         Tloc           #.........   94%         3    ####...
 Summon Guardian Golem    Hex/Summ       #.......     94%         3    ####...
 Tukima's Dance           Hex            #.......     94%         3    ####...
 Summon Ice Beast         Ice/Summ       #.......     100%        4    #####..
 Summon Lightning Spire   Summ/Air       #.......     100%        4    #####..
 Alistair's Intoxication  Tmut/Pois      #.......     100%        5    ######.
 Invisibility             Hex            #.......     100%        6    #######


Dungeon Overview and Level Annotations

Branches:
Dungeon (11/15)            Temple (0/1) D:6            Lair (0/6) D:8
    Orc: D:9-12

Altars:
Nemelex Xobeh
Okawaru
Qazlal
Sif Muna
Wu Jian
Zin

Shops:
D:4 *   D:9 ?*

Annotations:
D:6 1 exclusion
D:9 2 transporters, Krampus's ghost, novice DEWz


Innate Abilities, Weirdness & Mutations

You are too large for most types of armour.
You have tough skin. (AC +1)


Message History

Warning x3: The yak can hit for moderate damage in melee! x2
The yak (wandering) can hit for moderate damage in melee!
You hit the yak.
The yak is moderately wounded.
A red ugly thing comes into view.
The yak gores you!
You take 15 damage, and have 93/126 hp.
Danger x4: yak x3, red ugly thing (wandering)!
Throwing (i - inventory. (/) - cycle)
c - 25 large rocks (quivered)
{!d}
Press: ? - help, Shift-Dir - straight line, f - red ugly thing, p - yak
Aim: a red ugly thing (hasn't noticed you)
You throw a large rock {!d}. The red ugly thing gurgles horribly!
The large rock {!d} hits the yak.
The yak is moderately wounded.
You block the yak's attack.
Danger x4: yak x3, red ugly thing!
Throwing (i - inventory. (/) - cycle)
c - 24 large rocks (quivered)
{!d}
Press: ? - help, Shift-Dir - straight line, f/p - red ugly thing
Aim: a red ugly thing You throw a large rock {!d}.
The large rock {!d} hits the yak!!
The yak is almost dead.
Throwing (i - inventory. (/) - cycle)
c - 23 large rocks (quivered)
{!d}
Press: ? - help, Shift-Dir - straight line, f/p - red ugly thing
Aim: a red ugly thing You throw a large rock {!d}.
The large rock {!d} hits the yak!!
The yak is severely wounded.
The yak misses you.
Danger x4: yak x3, red ugly thing!
Throwing (i - inventory. (/) - cycle)
c - 22 large rocks (quivered)
{!d}
Press: ? - help, Shift-Dir - straight line, f/p - red ugly thing
Aim: a red ugly thing You throw a large rock {!d}.
The worker ant twitches its antennae in your direction.
The large rock {!d} hits the yak!!!
You kill the yak!
Okawaru accepts your kill.
Warning x3: The yak can hit for moderate damage in melee! x2
The red ugly thing is fast and can hit for high fire damage in melee!
Throwing (i - inventory. (/) - cycle)
c - 21 large rocks (quivered)
{!d}
Press: ? - help, Shift-Dir - straight line, f - worker ant, p - red ugly thing
Aim: a worker ant You throw a large rock {!d}.
The large rock {!d} barely misses the yak.
The large rock {!d} hits the yak!!!
You kill the yak!
Okawaru accepts your kill. The yak gores you!
You take 8 damage, and have 87/126 hp.
Warning x2: The yak can hit for moderate damage in melee!
The red ugly thing is fast and can hit for high fire damage in melee!
Throwing (i - inventory. (/) - cycle)
c - 20 large rocks (quivered)
{!d}
Press: ? - help, Shift-Dir - straight line, f/p - worker ant
Aim: a worker ant You throw a large rock {!d}.
The large rock {!d} completely misses the yak.
The large rock {!d} barely misses the red ugly thing.
The large rock {!d} hits the worker ant!!
You kill the worker ant!
Okawaru accepts your kill. You block the yak's attack. x2
Warning x2: The yak can hit for moderate damage in melee!
The red ugly thing is fast and can hit for high fire damage in melee!
Throwing (i - inventory. (/) - cycle)
c - 19 large rocks (quivered)
{!d}
Press: ? - help, Shift-Dir - straight line, f - red ugly thing
Aim: a red ugly thing You throw a large rock {!d}.
The large rock {!d} hits the yak!!!
You kill the yak!
Okawaru accepts your kill. The red ugly thing bites you!
You are engulfed in flames!
You take 26 damage, and have 62/126 hp.
MASSIVE DAMAGE!!
Spoiler Alert: The red ugly thing is fast and can hit for high fire damage in melee!
Throwing (i - inventory. (/) - cycle)
c - 18 large rocks (quivered)
{!d}
Press: ? - help, Shift-Dir - straight line, f/p - red ugly thing
Aim: a red ugly thing You throw a large rock {!d}.
The large rock {!d} hits the red ugly thing!!
The red ugly thing is heavily wounded.
The red ugly thing bites you.
You are engulfed in flames!!
* * * LOW HITPOINT WARNING * * *
You take 28 damage, and have 34/126 hp.
MASSIVE DAMAGE!!
Spoiler Alert: The red ugly thing is fast and can hit for high fire damage in melee!
Throwing (i - inventory. (/) - cycle)
c - 17 large rocks (quivered)
{!d}
Press: ? - help, Shift-Dir - straight line, f/p - red ugly thing
Aim: a red ugly thing (heavily wounded)
You throw a large rock {!d}.
The large rock {!d} hits the red ugly thing!!
The red ugly thing is almost dead.
The red ugly thing closely misses you. The red ugly thing bites you.
* * * LOW HITPOINT WARNING * * *
You are engulfed in flames!
* * * LOW HITPOINT WARNING * * *
You take 23 damage, and have 11/126 hp.
MP restored: 17 Spoiler Alert: The red ugly thing is fast and can hit for high fire damage in melee!
Throwing (i - inventory. (/) - cycle)
c - 16 large rocks (quivered)
{!d}
Press: ? - help, Shift-Dir - straight line, f/p - red ugly thing
Aim: a red ugly thing (almost dead)
You throw a large rock {!d}.
The large rock {!d} completely misses the red ugly thing.
The red ugly thing bites you.
* * * LOW HITPOINT WARNING * * *
You are engulfed in flames!
You die...

###### #......# #..
#########......# #..
#..............# #.. ##
#..............# #.. ...
#..............# #.. ....
#######..........(...# ###
.....##.....#..............#
.....''.....)..............#
##†.†..###@############
#.....# #u# #.....# #.#
#.....# #(# # #.....# #(# #
#.....# #(# # #.....# #.# #
#.....# #.......( # #.....#
#......O.


You could see a red ugly thing.

Vanquished Creatures
  Josephine (D:10)
  Erolcha (D:9)
  Erica (D:8)
  2 two-headed ogres
  A death yak (D:8)
  Nergalle (D:10)
  An unseen horror (D:10)
  An ugly thing (D:11)
  An oklob plant (D:9)
  3 trolls
  3 slime creatures (D:10)
  Grinder (D:3)
  4 hippogriffs
  Prince Ribbit (D:8)
  2 wyverns
  4 wraiths (D:10)
  3 yaks (D:11)
  2 water moccasins
  2 sky beasts
  An ice beast (D:11)
  3 orc warriors
  2 phantoms (D:6)
  5 ogres
  5 centaurs
  2 crocodiles (D:8)
  3 bullfrogs
  A wyvern zombie (D:7)
  2 scorpions
  A water moccasin skeleton (D:9)
  10 killer bees
  5 howler monkeys
  2 crimson imps
  A quasit (D:11)
  A centaur zombie (D:5)
  8 hounds
  6 jellies
  A centaur skeleton (D:8)
  3 orc priests
  A bullfrog skeleton (D:10)
  6 orc wizards
  Crazy Yiuf (D:3)
  2 iguanas
  Ijyb (D:5)
  9 worker ants
  A killer bee zombie (D:10)
  A hound skeleton (D:7)
  A howler monkey zombie (D:8)
  2 worker ant zombies
  3 gnolls (D:10)
  16 adders
  A shadow imp (D:6)
  16 oozes
  3 adder zombies
  An adder skeleton (D:8)
  2 worms
  3 dart slugs (D:2)
  7 leopard geckos
  16 orcs
  10 bats
  7 giant cockroaches
  8 goblins
  5 hobgoblins
  9 jackals
  8 kobolds
  8 quokkas
  A ball python skeleton (D:4)
  8 frilled lizards
  2 giant cockroach zombies (D:5)
  A jackal zombie (D:5)
  10 rats
267 creatures vanquished.

Vanquished Creatures (others)
  6 fungi (D:9)
6 creatures vanquished.

Grand Total: 273 creatures vanquished

Notes
Turn   | Place    | Note
-------+----------+-------------------------------------------
     0 | D:1      | Mgcat the Ogre Hunter began the quest for the Orb.
     0 | D:1      | Reached XP level 1. HP: 22/22 MP: 1/1
   108 | D:1      | Reached skill level 3 in Fighting
   108 | D:1      | Reached skill level 2 in Dodging
   111 | D:1      | Reached XP level 2. HP: 12/31 MP: 2/2
  1234 | D:1      | Reached XP level 3. HP: 23/37 MP: 3/3
  1640 | D:2      | Found an iron altar of Okawaru.
  1663 | D:2      | Reached XP level 4. HP: 37/48 MP: 4/4
  1675 | D:2      | Became a worshipper of Warmaster Okawaru
  1786 | D:2      | Found a stormy altar of Qazlal.
  2353 | D:3      | Reached skill level 4 in Fighting
  2519 | D:3      | Reached skill level 1 in Axes
  2631 | D:3      | Noticed Grinder
  2634 | D:3      | Killed Grinder
  2634 | D:3      | Reached * piety under Okawaru
  2634 | D:3      | Reached skill level 2 in Axes
  2634 | D:3      | Reached skill level 5 in Throwing
  2634 | D:3      | Reached skill level 3 in Dodging
  2634 | D:3      | Reached XP level 5. HP: 54/55 MP: 5/5
  2634 | D:3      | Reached XP level 6. HP: 64/65 MP: 6/6
  2644 | D:3      | Reached skill level 5 in Fighting
  3192 | D:3      | Found a runed translucent door.
  3193 | D:3      | Noticed Crazy Yiuf
  3198 | D:3      | Killed Crazy Yiuf
  3823 | D:4      | Reached skill level 1 in Invocations
  3930 | D:4      | Found Huesar Fymeu's General Store.
  3949 | D:4      | Reached ** piety under Okawaru
  3949 | D:4      | Reached XP level 7. HP: 67/72 MP: 7/7
  4363 | D:5      | Entered Level 5 of the Dungeon
  4366 | D:5      | Reached skill level 3 in Axes
  4454 | D:5      | Reached skill level 2 in Invocations
  4465 | D:5      | Reached skill level 4 in Dodging
  4831 | D:5      | Noticed Ijyb
  4833 | D:5      | Paralysed by Ijyb for 3 turns
  4837 | D:5      | Killed Ijyb
  4837 | D:5      | Reached skill level 6 in Fighting
  4921 | D:5      | Found a deep blue altar of Sif Muna.
  4996 | D:5      | Reached XP level 8. HP: 77/83 MP: 9/9
  5038 | D:5      | Got a transparent rapier
  5039 | D:5      | Identified the +9 rapier "Qoinudyo" {speed, Int+4} (You
                  | found it on level 5 of the Dungeon)
  5137 | D:6      | Reached skill level 6 in Throwing
  5257 | D:6      | Found a deep blue altar of Sif Muna.
  5274 | D:6      | HP: 20/83 [orc warrior/+0 halberd (21)]
  5281 | D:6      | HP: 18/83 [orc wizard/magic dart (3)]
  5609 | D:6      | Reached skill level 3 in Invocations
  5770 | D:6      | Reached skill level 4 in Axes
  6241 | D:6      | Reached skill level 7 in Fighting
  6286 | D:6      | Found a staircase to the Ecumenical Temple.
  6367 | D:7      | Reached skill level 4 in Invocations
  6473 | D:7      | Reached skill level 5 in Dodging
  6473 | D:7      | Reached XP level 9. HP: 73/93 MP: 12/12
  6697 | D:7      | Reached *** piety under Okawaru
  6728 | D:7      | Reached skill level 5 in Axes
  7033 | D:7      | Reached skill level 7 in Throwing
  7162 | D:7      | Found an ornate altar of the Wu Jian Council.
  7419 | D:8      | Noticed Prince Ribbit
  7422 | D:8      | Killed Prince Ribbit
  7422 | D:8      | Reached skill level 8 in Fighting
  7422 | D:8      | Reached skill level 5 in Invocations
  7766 | D:8      | Found a sparkling altar of Nemelex Xobeh.
  8123 | D:8      | Upgraded the game from 0.24-a0-22-g2a401c0 to
                  | 0.24-a0-29-g43a6aff
  8162 | D:8      | Reached skill level 6 in Axes
  8181 | D:8      | Found a staircase to the Lair.
  8181 | D:8      | Noticed a death yak
  8202 | D:8      | HP: 16/97 [death yak (15)]
  8210 | D:8      | Reached skill level 9 in Fighting
  8211 | D:8      | Killed a death yak
  8211 | D:8      | Reached **** piety under Okawaru
  8211 | D:8      | Reached skill level 8 in Throwing
  8211 | D:8      | Reached XP level 10. HP: 12/109 MP: 11/13
  8733 | D:8      | Noticed Erica
  8746 | D:8      | Killed Erica
  8746 | D:8      | Reached skill level 10 in Fighting
  8746 | D:8      | Reached skill level 7 in Axes
  9056 | D:8      | Received a gift from Okawaru
  9737 | D:8      | Reached skill level 9 in Throwing
 10333 | D:9      | Found Liebb's Lightly-Used Armoury.
 10333 | D:9      | Noticed a two-headed ogre
 10343 | D:8      | Reached skill level 8 in Axes
 10551 | D:9      | Killed a two-headed ogre
 10551 | D:9      | Received a gift from Okawaru
 10551 | D:9      | Reached skill level 10 in Throwing
 10603 | D:9      | Reached XP level 11. HP: 115/118 MP: 14/14
 10608 | D:9      | Noticed Erolcha
 10618 | D:9      | Killed Erolcha
 10618 | D:9      | Reached ***** piety under Okawaru
 10618 | D:9      | Reached skill level 11 in Throwing
 10864 | D:9      | Found a transporter.
 10892 | D:9      | Noticed Krampus's ghost (novice DEWz)
 10911 | D:9      | Found a transporter.
 10948 | D:9      | Found a glowing silver altar of Zin.
 10983 | D:9      | Found Yshruh's Magic Scroll Boutique.
 10990 | D:9      | Bought a scroll of enchant armour for 97 gold pieces
 10990 | D:9      | Bought a scroll of identify for 26 gold pieces
 10990 | D:9      | Bought a scroll of identify for 26 gold pieces
 11022 | D:9      | Noticed an oklob plant
 11025 | D:9      | Killed an oklob plant
 11277 | D:10     | Entered Level 10 of the Dungeon
 11340 | D:10     | Received a gift from Okawaru
 11576 | D:10     | Noticed an unseen horror
 11598 | D:10     | Killed an unseen horror
 11598 | D:10     | Reached skill level 12 in Throwing
 11946 | D:10     | Received a gift from Okawaru
 12255 | D:10     | Noticed Josephine
 12258 | D:10     | Killed Josephine
 12258 | D:10     | Reached skill level 1 in Shields
 12258 | D:10     | Noticed a two-headed ogre
 12258 | D:10     | Noticed Nergalle
 12265 | D:10     | Killed Nergalle
 12265 | D:10     | Received a gift from Okawaru
 12265 | D:10     | Reached skill level 2 in Shields
 12266 | D:10     | Killed a two-headed ogre
 12266 | D:10     | Received a gift from Okawaru
 12266 | D:10     | Reached skill level 6 in Invocations
 12830 | D:11     | Noticed a cyan ugly thing
 12832 | D:11     | Received a gift from Okawaru
 12836 | D:11     | HP: 29/118 [cyan ugly thing (17)]
 13404 | D:11     | Reached XP level 12. HP: 83/126 MP: 16/16
 13615 | D:11     | Reached skill level 3 in Shields
 13662 | D:11     | Reached skill level 9 in Axes
 13704 | D:11     | HP: 28/126 [red ugly thing (6)]
 13704 | D:11     | HP: 11/126 [red ugly thing (17)]
 13705 | D:11     | Mangled by a red ugly thing

Vault maps used:
D:1:      minmay_arrival_four_circles
D:2:      nicolae_qazlal_general_emergency, okawaru_metal_pillars_1_2,
          first_ration, minivault_25, patterned_corridor
D:3:      minmay_unequal, uniq_crazy_yiuf_cottage, uniq_grinder
D:4:      serial_shops, nicolae_shop_behind_doors
D:5:      basic_altar, uniq_ijyb
D:6:      led_sif_book, minmay_temple_entry_purple_smoke, minmay_parallelograms
D:7:      lemuel_round_altar, minmay_between
D:8:      minmay_razor_zed, nemelex_xobeh_ov_fountains_minmay,
          david_lair_generic, grunt_ogre_cave, uniq_prince_ribbit1, uniq_erica
D:9:      lemuel_slime, zin_treasury, gammafunk_ghost_arena, serial_shops, shop,
          minmay_shop_damaged, uniq_erolcha
D:10:     uniq_josephine, uniq_nergalle

Skill      XL: |  1  2  3  4  5  6  7  8  9 10 11 12 |
---------------+-------------------------------------+-----
Fighting       | 3 4 5 6 7 9 10 | 10.2
Dodging        | 2 3 4 5 |  5.0
Axes           | 2 3 4 6 8 9 |  9.0
Throwing       | 5 6 8 10 12 | 12.7
Invocations    | 1 2 4 5 6 |  6.7
Shields        | 2 3 |  3.4
Stealth        | |  0.6

Action                   |  1- 3 |  4- 6 |  7- 9 | 10-12 || total
-------------------------+-------+-------+-------+-------++-------
Melee: Short sword       |   129 |    32 |       |       ||   161
       Hand axe          |    17 |   134 |    68 |       ||   219
       Rapier            |       |       |   182 |   299 ||   481
       Punch             |       |       |     1 |       ||     1
Throw: Stone             |     8 |       |       |       ||     8
       Large rock        |     1 |    11 |    28 |    53 ||    93
       Tomahawk          |       |       |       |    12 ||    12
Invok: Heroism           |       |     2 |     7 |     6 ||    15
Evoke: Wand              |       |     2 |       |    13 ||    15
  Use: Scroll            |     1 |    13 |    11 |     3 ||    28
       Potion            |       |       |     3 |       ||     3
 Stab: Sleeping          |     2 |     2 |     2 |       ||     6
       Invisible         |       |       |     3 |     1 ||     4
  Eat: Chunk             |     3 |     7 |    10 |    14 ||    34
       Ration            |       |       |     1 |     1 ||     2
Armor: Robe              |    57 |    72 |    58 |    68 ||   255
Dodge: Dodged            |   114 |   148 |   147 |   158 ||   567
Block: Shield            |       |       |       |    68 ||    68

Table legend:
 A = Non-vault XP
 B = Vault XP
 C = Vault XP percentage of total XP
 D = Non-vault monster count
 E = Vault monster count
 F = Vault count percentage of total count
                 A         B        C        D         E       F
            +---------+---------+-------+---------+---------+-------
      Total |   11375 |    8679 |  43.3 |     210 |      57 |  21.3
            +---------+---------+-------+---------+---------+-------
        D:1 |      34 |       0 |   0.0 |      22 |       0 |   0.0
        D:2 |      67 |       0 |   0.0 |      24 |       0 |   0.0
        D:3 |      62 |     329 |  84.1 |      24 |       7 |  22.6
        D:4 |     233 |       0 |   0.0 |      12 |       0 |   0.0
        D:5 |     438 |      36 |   7.6 |      15 |       1 |   6.2
        D:6 |     966 |       0 |   0.0 |      18 |       0 |   0.0
        D:7 |     393 |     351 |  47.2 |       5 |       3 |  37.5
        D:8 |    1725 |    3321 |  65.8 |      25 |      18 |  41.9
        D:9 |    1599 |    1924 |  54.6 |      19 |      22 |  53.7
       D:10 |    3652 |    2718 |  42.7 |      27 |       6 |  18.2
       D:11 |    2206 |       0 |   0.0 |      19 |       0 |   0.0
            +---------+---------+-------+---------+---------+-------

Vault maps used:
D:1:      minmay_arrival_four_circles
D:2:      nicolae_qazlal_general_emergency, okawaru_metal_pillars_1_2,
          first_ration, minivault_25, patterned_corridor
D:3:      minmay_unequal, uniq_crazy_yiuf_cottage, uniq_grinder
D:4:      serial_shops, nicolae_shop_behind_doors
D:5:      basic_altar, uniq_ijyb
D:6:      led_sif_book, minmay_temple_entry_purple_smoke, minmay_parallelograms
D:7:      lemuel_round_altar, minmay_between
D:8:      minmay_razor_zed, nemelex_xobeh_ov_fountains_minmay,
          david_lair_generic, grunt_ogre_cave, uniq_prince_ribbit1, uniq_erica
D:9:      lemuel_slime, zin_treasury, gammafunk_ghost_arena, serial_shops, shop,
          minmay_shop_damaged, uniq_erolcha
D:10:     uniq_josephine, uniq_nergalle

Table legend:
 A = Turns spent in this place as a percentage of turns spent in the entire game.
 B = Non-inter-level travel turns spent in this place as a percentage of non-inter-level travel turns spent in the entire game.
 C = Inter-level travel turns spent in this place as a percentage of turns spent in this place.
 D = Turns resting spent in this place as a percentage of non-inter-level travel turns spent in this place.
 E = Turns spent auto-exploring this place as a percentage of non-inter-level travel turns spent in this place.
 F = Non-inter-level travel turns spent in this place divided by the number of levels of this place that you've seen.
                   A       B       C       D       E      F
               +-------+-------+-------+-------+-------+----------------------
         Total | 100.0 | 100.0 |   5.0 |  21.7 |  62.2 | 1183.1
       Dungeon | 100.0 | 100.0 |   5.0 |  21.7 |  62.2 | 1183.1
               +-------+-------+-------+-------+-------+----------------------

Table legend:
 A = Kills in this place as a percentage of kills in entire the game.
 B = Kills by you in this place as a percentage of kills by you in the entire game.
 C = Kills by friends in this place as a percentage of kills by friends in the entire game.
 D = Other kills in this place as a percentage of other kills in the entire game.
 E = Experience gained in this place as a percentage of experience gained in the entire game.
 F = Experience gained in this place divided by the number of levels of this place that you have seen.
                   A       B       C       D       E      F
               +-------+-------+-------+-------+-------+----------------------
         Total | 100.0 | 100.0 |   N/A |   N/A | 100.0 | 1823.1
       Dungeon | 100.0 | 100.0 |   N/A |   N/A | 100.0 | 1823.1
               +-------+-------+-------+-------+-------+----------------------
